Map: Blackburn LE

Players

Bronzehero

  • Race: Terran Terran
  • League: Silver

Throwfordays - Winner!

  • Race: Terran Terran
  • League: Gold

VOD

Have the link to the VOD?

Description

Time

  • Played on: Aug. 27, 2021, 8:22 p.m.
  • Length: 4:04
Show
View Real Time Build Order
Export as new Build Order

Bronzehero Terran 

Build Orders:  

Get SALT Encoding   

  12  0:02  SCV  
  13  0:15  SCV  
  14  0:31  Supply Depot  
  14  0:35  SCV  
  15  0:52  SCV  
  16  1:02  Refinery, Barracks  
  16  1:05  SCV  
  17  1:17  SCV  
  18  1:25  Barracks  
  18  1:30  SCV  
  19  1:44  SCV  
  20  2:02  Marine  
  20  2:12  SCV  
  20  2:14  Marine  
  22  2:23  Marine  
  22  2:26  Orbital Command  
  23  2:56  Command Center  
  23  2:57  Engineering Bay  
  23  2:58  Barracks Reactor  
  23  3:07  Barracks Reactor  
  23  3:15  Factory  
  23  3:19  SCV  
  20  3:31  SCV  
  18  3:42  Marine x2  
  18  3:45  Marine  
Show
View Real Time Build Order
Export as new Build Order

Throwfordays Terran - Winner!

Build Orders:  

Get SALT Encoding   

  12  0:00  SCV  
  13  0:16  Supply Depot  
  13  0:18  SCV  
  14  0:30  SCV  
  15  0:39  Barracks  
  15  0:42  Refinery  
  15  0:44  SCV  
  16  0:56  Supply Depot  
  16  0:59  SCV  
  17  1:11  SCV  
  18  1:14  Refinery  
  18  1:23  SCV  
  19  1:26  Reaper  
  19  1:32  Barracks  
  20  1:35  SCV  
  21  1:47  SCV  
  21  1:51  Barracks  
  22  2:03  Reaper  
  23  2:13  SCV  
  24  2:19  Reaper  
  25  2:23  Supply Depot  
  25  2:40  Reaper  
  25  2:41  Reaper  
  27  2:48  SCV  
  28  2:58  Command Center  
  28  2:59  Reaper  
  28  3:00  SCV  
  28  3:03  Refinery  
  30  3:13  Reaper x2  
Tags
 
Matchup
TvT
Race
Terran
Replay Pack
Multiplayer
Add a new tag
Caveats
  • Supply blocks, unpowered buildings, or Contaminate may cause inaccurate times.
  • Supply counts are checked every 10 seconds.